 Dungeon Crawl Stone Soup version 0.19-a0-1886-gd64a0f0 (webtiles) character file.

240 dobroeutro the Cudgeler (level 6, 0/39 HPs)
             Began as a Gargoyle Fighter on Oct 16, 2016.
             Slain by a hound (2 damage)
             ... on level 5 of the Dungeon.
             The game lasted 00:03:31 (2441 turns).

dobroeutro the Cudgeler (Gargoyle Fighter)          Turns: 2441, Time: 00:03:32

Health: 0/39       AC: 12    Str: 20    XL:     6   Next: 8%
Magic:  6/6        EV:  7    Int:  9    God:
Gold:   248        SH:  9    Dex: 10    Spells: 0 memorised, 5 levels left

rFire  . . .     SeeInvis .     a - +0 flail
rCold  . . .     Gourm    .     b - +0 scale mail
rNeg   + . .     Faith    .     c - +0 shield
rPois  ∞         Spirit   .     i - +0 helmet
rElec  +         Dismiss  .     (no cloak)
rCorr  .         Reflect  .     (no gloves)
MR     .....     Harm     .     (no boots)
Stlth  ..........               (no amulet)
                                (no ring)
                                (no ring)

@: no status effects
A: negative energy resistance 1, electricity resistance, unbreathing,
petrification resistance, rot immunity, AC +4
a: no special abilities


You were on level 5 of the Dungeon.
You were not hungry.

You visited 1 branch of the dungeon, and saw 6 of its levels.

You collected 248 gold pieces.

Inventory:

Hand Weapons
 a - a +0 flail (weapon)
Armour
 b - a +0 scale mail (worn)
 c - a +0 shield (worn)
 i - a +0 helmet (worn)
Wands
 v - a wand of digging (7/24)
Scrolls
 e - a scroll of blinking {unknown}
 h - 4 scrolls of immolation {unknown}
 k - 3 scrolls of remove curse {unknown}
 l - 3 scrolls of enchant armour {unknown}
 m - 2 scrolls of identify {unknown}
 n - a scroll of random uselessness {unknown}
 o - 2 scrolls of magic mapping {unknown}
 s - 2 scrolls of fog {unknown}
 u - a scroll of enchant weapon {unknown}
Potions
 d - 4 potions of might
 g - a potion of mutation {unknown}
 p - 3 potions of magic {unknown}
 q - a potion of invisibility {unknown}
 r - a potion of berserk rage {unknown}
Comestibles
 f - 3 bread rations
 j - 3 slices of pizza


   Skills:
 + Level 4.3 Fighting
 * Level 4.7 Maces & Flails
 + Level 4.5 Armour
 - Level 3.2 Shields


You had 5 spell levels left.
You didn't know any spells.

Dungeon Overview and Level Annotations

Branches:
Dungeon (6/15)
 Temple: D:4-7

Altars:
Makhleb

Shops:
D:5 =

Annotations:
D:5 Sigmund


Innate Abilities, Weirdness & Mutations

You are resistant to torment.
Your stone body is resilient. (AC +4)
You are immune to poison.
You resist negative energy. (rN+)
You are resistant to electric shocks. (rElec)
You can survive without breathing.
You are immune to petrification.
You are immune to rotting.


Message History

Your shield and scale mail prevent you from hitting something.
You block the hound's attack. The hound bites you but does no damage.
Something hits you.
You barely miss something. The hound bites you but does no damage.
The hound bites you. Something hits you but does no damage.
You hit something but do no damage. The hound closely misses you.
The hound bites you but does no damage.
You miss something. The hound barely misses you.
You hear some strange, mumbled words.
A magic dart appears from out of thin air!
The magic dart hits you! You block the hound's attack. Something hits you!
* * * LOW HITPOINT WARNING * * *
Something hits you.
* * * LOW HITPOINT WARNING * * *
You block the hound's attack. You block the hound's attack.
You block the hound's attack. The hound bites you.
You die...

#...# .....#
##...##.....#
#...........#
#...(.......#
#...........# #
#..(...####.###.###
#..................
#..........>.......
#......∩...@.......
#####'....h########
#####'.....#
#..........#
#......@####
#.......+ #......{#
#.......#####
#####+##....#


You could see Sigmund and a hound.

Vanquished Creatures
  A howler monkey (D:4)
  Jessica (D:2)
  Ijyb (D:2)
  A worker ant (D:3)
  5 adders
  2 oozes
  A worm (D:2)
  5 dart slugs
  5 leopard geckos
  2 orcs
  9 bats
  4 giant cockroaches
  7 goblins
  3 hobgoblins
  3 jackals (D:1)
  A ball python (D:1)
  2 frilled lizards (D:3)
  5 kobolds
  2 rats
60 creatures vanquished.

Notes
Turn   | Place    | Note
-------+----------+-------------------------------------------
     0 | D:1      | dobroeutro the Gargoyle Fighter began the quest for the Orb.
     0 | D:1      | Reached XP level 1. HP: 14/14 MP: 1/1
    84 | D:1      | Reached XP level 2. HP: 8/19 MP: 2/2
   313 | D:1      | Reached XP level 3. HP: 19/23 MP: 3/3
   729 | D:2      | You fall through a shaft!
   857 | D:3      | Found a faded altar of an unknown god.
   929 | D:2      | Reached XP level 4. HP: 27/29 MP: 4/4
  1228 | D:2      | Noticed Ijyb
  1247 | D:2      | Killed Ijyb
  1261 | D:2      | Noticed Jessica
  1273 | D:2      | Killed Jessica
  1273 | D:2      | Reached XP level 5. HP: 30/33 MP: 5/5
  2201 | D:4      | Found a burning altar of Makhleb.
  2287 | D:4      | Reached XP level 6. HP: 35/39 MP: 6/6
  2349 | D:4      | You fall through a shaft for 2 floors!
  2387 | D:5      | Entered Level 5 of the Dungeon
  2387 | D:5      | Found Pijaob's Jewellery Emporium.
  2411 | D:5      | Noticed Sigmund
  2434 | D:5      | HP: 1/39 [something (5)]
  2441 | D:5      | Slain by a hound

Vault maps used:
D:1:      dpeg_arrival_tiny_f
D:2:      first_bread, uniq_iyjb, uniq_jessica
D:3:      ecumenical_altar_2
D:4:      kennysheep_mini_moat
D:5:      serial_shops, shop, eino_tiny_chamber, uniq_sigmund
D:6:      lemuel_doored_altar, lemuel_flamethrower_1

Skill      XL: |  1  2  3  4  5 |
---------------+----------------+-----
Maces & Flails | 3 4 |  4.7
Armour         | 4 |  4.5
Fighting       | 4 |  4.3
Shields        | |  3.2

Action                   |  1- 3 |  4- 6 || total
-------------------------+-------+-------++-------
Melee: Flail             |   179 |   137 ||   316
  Eat: Chunk             |       |     6 ||     6
Armor: Scale mail        |   124 |    95 ||   219
Dodge: Dodged            |    74 |    37 ||   111
Block: Shield            |   119 |    73 ||   192
